 Dungeon Crawl Stone Soup version 0.29.1-15-g9cfb28693d (webtiles) character file.

Game seed: 486125960766439980

1463 devnull the Spear-Bearer (level 8, 0/56 HPs)
             Began as a Merfolk Gladiator on Mar 8, 2023.
             Was a Follower of Zin.
             Slain by a wraith (5 damage)
             ... on level 6 of the Dungeon.
             The game lasted 00:14:12 (6957 turns).

devnull the Spear-Bearer (Merfolk Gladiator)        Turns: 6957, Time: 00:14:13

Health: 0/56       AC: 14    Str: 20    XL:     8   Next: 77%
Magic:  11/11      EV: 10    Int: 11    God:    Zin [*.....]
Gold:   232        SH:  0    Dex: 16    Spells: 7/7 levels left

rFire   . . .      SeeInvis .   p - +2 short sword (holy)
rCold   . . .      Faith    .   (no shield)
rNeg    . . .      Spirit   .   G - +4 chain mail of Saasehos {+Inv Str+4 Int+4}
rPois   .          Reflect  .   c - +0 helmet
rElec   .          Harm     .   t - +0 cloak
rCorr   .          Rampage  .   (no gloves)
Will    .....                   (no boots)
Stlth   ..........              h - amulet of the acrobat
HPRegen 0.18/turn               (no ring)
MPRegen 0.12/turn               (no ring)

@: on recite cooldown, slowed, very slow
A: (nimble swimmer 2), mertail
a: Renounce Religion, Evoke Invisibility, Recite, Donate Gold


You were on level 6 of the Dungeon.
You worshipped Zin.
Zin was aware of your devotion.
You visited 2 branches of the dungeon, and saw 7 of its levels.

You collected 291 gold pieces.
You spent 30 gold pieces at shops.
You donated 29 gold pieces to Zin.

Inventory:

Hand Weapons
 a - a +0 trident
 p - a +2 short sword of holy wrath (weapon)
Missiles
 e - a javelin
 z - 5 boomerangs (quivered)
 F - 5 atropa-tipped darts
 H - 5 poisoned darts
Armour
 b - a +0 leather armour
 c - a +0 helmet (worn)
 t - a +0 cloak (worn)
 x - a +0 kite shield
 G - the +4 chain mail of Saasehos (worn) {+Inv Str+4 Int+4}
   (You took it off a gnoll on level 5 of the Dungeon)

   Str:       It affects your strength (+4).
   Int:       It affects your intelligence (+4).
   +Inv:      It lets you turn invisible.
 J - a +1 leather armour of positive energy
Jewellery
 h - an amulet of the acrobat (around neck)
 i - a ring of fire
 u - an amulet of guardian spirit
Wands
 v - a wand of charming (8)
 y - a wand of flame (16)
 E - a wand of roots (3)
Scrolls
 d - a scroll of brand weapon {unknown}
 f - 2 scrolls of enchant armour
 k - 2 scrolls of magic mapping
 l - 4 scrolls of teleportation
 n - 3 scrolls of fear
 o - a scroll of enchant weapon {unknown}
 s - a scroll of immolation {unknown}
 A - a scroll of torment {unknown}
Potions
 g - a potion of magic {unknown}
 j - a potion of invisibility {unknown}
 m - 2 potions of curing {unknown}
 q - a potion of resistance {unknown}
 r - 5 potions of haste {unknown}
 w - 2 potions of heal wounds
 B - a potion of lignification {unknown}
 C - a potion of brilliance {unknown}
 D - 3 potions of mutation {unknown}
 I - 2 potions of might {unknown}


   Skills:
 - Level 2.1 Fighting
 + Level 11.5 Polearms
 - Level 2.0 Throwing
 - Level 8.0 Dodging
 - Level 4.0 Invocations


You had 7 spell levels left.
You didn't know any spells.
Your spell library contained the following spells:

 Spells                   Type           Power      Damage    Failure   Level
 Call Canine Familiar     Summ           0%         N/A       100%        3
 Ignite Poison            Fire/Tmut/Pois 0%         N/A       100%        3
 Mephitic Cloud           Conj/Pois/Air  0%         N/A       100%        3
 Portal Projectile        Hex/Tloc       0%         N/A       100%        3
 Leda's Liquefaction      Hex/Erth       0%         N/A       100%        4
 Freezing Cloud           Conj/Ice/Air   0%         6-21      100%        5


Dungeon Overview and Level Annotations

Branches:
Dungeon (6/15)             Temple (1/1) D:4

Altars:
Dithmenos
Hepliaklqana
Kikubaaqudgha
Makhleb
Nemelex Xobeh
Qazlal
Uskayaw
Vehumet
Wu Jian
Zin
The Shining One

Shops:
D:5 *   D:6 [


Innate Abilities, Weirdness & Mutations

((You are very nimble when in or above water. (Stealth+, EV+, Speed+++)))
Your lower body shifts to a powerful aquatic tail in water.


Message History

The wraith drains your vigour!
You feel as though you will be slow longer.
Activating: Recite (1% risk of failure)
Press: ? - help, Dir - look around, f - activate You clear your throat and prepare to recite. "And lo, the wrath of Zin did find..."
The wraith hits you but does no damage.
You hit the wraith but do no damage.
The wraith is lightly damaged. "...were censured for their blasphemy!"
You finish reciting Anathema 15:33.
The wraith hits you but does no damage. The wraith hits you.
You barely miss the wraith.
The wraith is lightly damaged.
The wraith hits you. The wraith barely misses you.
You hit the wraith but do no damage.
The wraith is lightly damaged.
The wraith hits you but does no damage.
You barely miss the wraith.
The wraith is lightly damaged.
The wraith hits you. x2; The wraith drains your vigour!
You feel as though you will be slow longer.
You are too injured to fight recklessly!
You are too injured to fight recklessly!
You are too injured to fight recklessly!
You hit the wraith but do no damage. The wraith hits you!
The wraith drains your vigour!
You feel as though you will be slow longer.
You hit the wraith but do no damage. The wraith hits you but does no damage.
The wraith hits you.
You hit the wraith but do no damage. The wraith hits you but does no damage.
The wraith hits you.
* * * LOW HITPOINT WARNING * * *
The wraith drains your vigour!
You feel as though you will be slow longer.
You hit the wraith but do no damage. The wraith completely misses you.
You hit the wraith but do no damage. The wraith hits you!
* * * LOW HITPOINT WARNING * * *
The wraith hits you.
You die...

........#............#
....#####.....#####'###
.... #+#####.......#
... ............#
............#
............#
.....##'#####
########.....#
#......W@....#
#......#.....#
+.....##....># #.....
#.....# #..... #.....#
#..... #.....# #$....
......# #............#
#.....##.....#


You could see a wraith.

Vanquished Creatures
  Eustachio (D:6)
  A black bear (D:5)
  A sky beast (D:6)
  2 ogres (D:5)
  A phantom (D:4)
  A necrophage (D:4)
  3 scorpions
  4 hounds
  2 orc priests (D:5)
  3 jellies
  Terence (D:2)
  3 iguanas
  2 orc wizards
  7 gnolls
  6 adders
  An ufetubus (D:5)
  4 worms
  2 dart slugs
  8 orcs
  7 bats
  5 endoplasms
  2 giant cockroaches
  8 goblins
  6 hobgoblins
  12 jackals
  7 kobolds
  4 quokkas
  11 ball pythons
  5 frilled lizards (D:1)
  9 rats
129 creatures vanquished.

Vanquished Creatures (others)
  10 fungi (D:4)
10 creatures vanquished.

Grand Total: 139 creatures vanquished

Notes
Turn   | Place    | Note
-------+----------+-------------------------------------------
     0 | D:1      | devnull the Merfolk Gladiator began the quest for the Orb.
     0 | D:1      | Reached XP level 1. HP: 16/16 MP: 1/1
   180 | D:1      | Reached XP level 2. HP: 22/22 MP: 2/2
   217 | D:1      | Reached skill level 5 in Polearms
   783 | D:1      | Reached XP level 3. HP: 27/27 MP: 3/3
  1288 | D:2      | Reached skill level 6 in Polearms
  1325 | D:2      | Noticed Terence
  1355 | D:2      | Killed Terence
  1356 | D:2      | Reached XP level 4. HP: 14/33 MP: 4/4
  1804 | D:2      | Found a faded altar of an unknown god.
  2236 | D:3      | Reached skill level 7 in Polearms
  2362 | D:3      | Reached XP level 5. HP: 30/38 MP: 5/5
  2457 | D:3      | HP: 1/38 [gnoll/+0 halberd (13)]
  3289 | D:3      | Found a faded altar of an unknown god.
  3293 | D:3      | Reached skill level 8 in Polearms
  3293 | D:3      | Found a hazy altar of Hepliaklqana.
  3320 | D:3      | Found a faded altar of an unknown god.
  3324 | D:3      | Found an ancient bone altar of Kikubaaqudgha.
  3610 | D:4      | Reached XP level 6. HP: 38/44 MP: 6/6
  3831 | D:4      | Reached skill level 5 in Dodging
  4143 | D:4      | Identified the +1 chain mail of Hedge Wizardry {MP+9}
  4415 | D:4      | Found a staircase to the Ecumenical Temple.
  4425 | Temple   | Entered the Ecumenical Temple
  4468 | Temple   | Became a worshipper of Zin the Law-Giver
  4468 | Temple   | Reached * piety under Zin
  4535 | D:4      | Reached skill level 1 in Invocations
  4634 | D:5      | Entered Level 5 of the Dungeon
  4643 | D:5      | Reached XP level 7. HP: 49/50 MP: 8/8
  5387 | D:5      | Found an ornate altar of the Wu Jian Council.
  5400 | D:5      | Found a stormy altar of Qazlal.
  5415 | D:5      | Identified the +4 chain mail of Saasehos {+Inv Str+4 Int+4}
  5494 | D:4      | Reached XP level 8. HP: 24/56 MP: 11/11
  5898 | D:5      | Reached skill level 9 in Polearms
  5948 | D:5      | Found a glowing golden altar of the Shining One.
  5989 | D:5      | Found Dieside's Desiderata Depot.
  5995 | D:5      | Bought 5 poisoned darts for 30 gold pieces
  6078 | D:5      | Reached skill level 10 in Polearms
  6522 | D:6      | Noticed Eustachio
  6568 | D:6      | Killed Eustachio
  6569 | D:6      | Reached skill level 11 in Polearms
  6760 | D:6      | Found Ydyoj's Antique Armour Boutique.
  6932 | D:6      | Noticed a wraith
  6957 | D:6      | Slain by a wraith

Illustrated notes

Levels and vault maps discovered:
D:1:      amcnicky_arrival_double_pillar, layout_basic, minmay_tromino_i4
D:2:      layout_loops_ring, hellmonk_ecumenical_altar_run_dry, uniq_terence
D:3:      layout_rooms, beargit_hepliaklqana_dungeon_heroes,
          nicolae_overflow_ecumenical_swirl, hex_medium
D:4:      minmay_angry_zag, layout_basic, minmay_temple_entry_poolview,
          serial_aquarium, aquarium_bridge_square [aquarium_subvault_wall,
          aquarium_subvault_wall, aquarium_subvault_bridge,
          aquarium_subvault_bridge], aquarium_window_corner,
          aquarium_window_fake, aquarium_view_2d, aquarium_balcony_double_2,
          aquarium_pool_2
D:5:      layout_basic, nzn_wu_jian_council_hall, tso_altar,
          minmay_misc_feat_iff, minivault_5, nicolae_alphabet_shops,
          minmay_ruined_shrine
D:6:      layout_gridville, serial_shops, shop, uniq_menkaure, uniq_edmund,
          uniq_eustachio
Temple:   nicolae_temple_little_seven

Skill      XL: |  1  2  3  4  5  6  7  8 |
---------------+-------------------------+-----
Polearms       | 5 6 7 8 11 | 11.5
Dodging        | 5 7 8 |  8.0
Invocations    | 2 4 |  4.0
Fighting       | |  2.1
Throwing       | |  2.0

Action                   |  1- 3 |  4- 6 |  7- 9 || total
-------------------------+-------+-------+-------++-------
Melee: Trident           |   109 |   234 |   195 ||   538
       Punch             |     1 |     3 |     5 ||     9
       Short sword       |       |       |    18 ||    18
Throw: Throwing net      |     3 |       |       ||     3
       Javelin           |       |     2 |       ||     2
       Boomerang         |       |     9 |    11 ||    20
       Dart              |       |       |     4 ||     4
Invok: Recite            |       |       |     5 ||     5
Evoke: Wand              |       |       |     1 ||     1
  Use: Scroll            |     3 |     2 |       ||     5
       Potion            |     1 |     1 |       ||     2
 Stab: Distracted        |     1 |     1 |       ||     2
       Held in net/web   |     2 |       |       ||     2
       Sleeping          |     1 |       |       ||     1
       Invisible         |       |       |     4 ||     4
Armor: Leather armour    |    16 |    27 |       ||    43
       Chain mail        |       |    30 |    81 ||   111
Dodge: Dodged            |    51 |   124 |    92 ||   267
